NYPL
ABERDEEN IRONBIRDS @ GENEVA RED LEGS
08/01/1982
 
TOP OF THE 1ST
Aberdeen Ironbirds batting - Pitching for Geneva Red Legs : RHP Mark King
Pitching: RHP Mark King
Batting: RHB Dan Cataline 0-0: Swinging Strike
0-1: Ball
1-1: Ball
2-1: Foul Ball, location: 2F
2-2: Ball
3-2: Foul Ball, location: 2F
3-2: Ground out 6-3 (Groundball, 6M, EV 102.5 MPH)
Batting: RHB Arturo Leija 0-0: Ground out 5-3 (Groundball, 56S, EV 86.3 MPH)
Batting: SHB Nelson Simmons 0-0: Ball
1-0: Called Strike
1-1: Ball
2-1: Fly out, F8 (Flyball, 89D, EV 92.5 MPH)
Top of the 1st over - 0 runs, 0 hits, 0 errors, 0 left on base; Aberdeen 0 - Geneva 0
BOTTOM OF THE 1ST
Geneva Red Legs batting - Pitching for Aberdeen Ironbirds : RHP Jose Martinez
Pitching: RHP Jose Martinez
Batting: RHB Bob Brower 0-0: Ball
1-0: Swinging Strike
1-1: DOUBLE (Line Drive, 7LM, EV 111.3 MPH)
Batting: LHB Orsino Hill 0-0: Foul Ball, location: 2F
0-1: Foul Ball, location: 2F
0-2: Ball
1-2: Ball
2-2: SINGLE (Flyball, 8RS, EV 94.4 MPH)
Bob Brower to third
Runner from 3rd tries for Home, SAFE, throw by CF to home
Orsino Hill to second
Batting: LHB Mike Kingery 0-0: Ball
1-0: Ball
2-0: Ball
3-0: Base on Balls
Batting: RHB Dave Keller 0-0: Ball
1-0: Ball
2-0: Ball
3-0: Called Strike
3-1: Base on Balls
Orsino Hill to third
Mike Kingery to second
Batting: SHB Juan Castillo 0-0: Ball
1-0: Ball
2-0: Grounds out, U3 (Groundball, 3L, EV 106.3 MPH)
Orsino Hill scores
Mike Kingery to third
Batting: RHB Victor Mendoza 0-0: Ball
1-0: Called Strike
1-1: TRIPLE (Flyball, 78XD, EV 99.4 MPH)
Mike Kingery scores
Dave Keller scores
Batting: RHB Ricky Velasquez 0-0: Ball
1-0: Foul Ball, location: 2F
1-1: Ball
2-1: Foul Ball, location: 2F
2-2: Ball
3-2: Base on Balls
Batting: LHB Juan Araujo 0-0: Ball
1-0: Ball
2-0: Ground out U3 (Groundball, 34S, EV 78.8 MPH)
Victor Mendoza scores
Ricky Velasquez to second
Batting: RHB Danny Reyes 0-0: Ball
1-0: Ball
2-0: Ground out 5-3 (Groundball, 5, EV 83.8 MPH)
Bottom of the 1st over - 5 runs, 3 hits, 0 errors, 1 left on base; Aberdeen 0 - Geneva 5
TOP OF THE 2ND
Aberdeen Ironbirds batting - Pitching for Geneva Red Legs : RHP Mark King
Batting: RHB Victor Trujillo 0-0: Swinging Strike
0-1: SINGLE (Groundball, P, EV 87.5 MPH) (infield hit)
Batting: SHB Kurt Stillwell 0-0: Swinging Strike
0-1: Ball
1-1: Ball
2-1: Foul Ball, location: 2F
2-2: Ball
3-2: Strikes out swinging
Batting: RHB Carlitos Lacerda 0-0: Ball
1-0: Called Strike
1-1: Called Strike
1-2: Ball
2-2: Grounds into double play, 5-4-3 (Groundball, 56S, EV 88.8 MPH)
Top of the 2nd over - 0 runs, 1 hit, 0 errors, 0 left on base; Aberdeen 0 - Geneva 5
BOTTOM OF THE 2ND
Geneva Red Legs batting - Pitching for Aberdeen Ironbirds : RHP Jose Martinez
Batting: RHB Bob Brower 0-0: Called Strike
0-1: Ball
1-1: Ball
2-1: Swinging Strike
2-2: Strikes out looking
Batting: LHB Orsino Hill 0-0: Called Strike
0-1: Ball
1-1: Foul Ball, location: 2F
1-2: Ball
2-2: Foul Ball, location: 2F
2-2: Ground out 4-3 (Groundball, 4M, EV 104.4 MPH)
Batting: LHB Mike Kingery 0-0: Ball
1-0: Ball
2-0: Foul Ball, location: 2F
2-1: Reached on error, E6 (Groundball, 6, EV 88.1 MPH)
Batting: RHB Dave Keller 0-0: Foul Ball, location: 2F
0-1: Ball
1-1: Called Strike
1-2: Ball
2-2: Strikes out swinging
Bottom of the 2nd over - 0 runs, 0 hits, 1 error, 1 left on base; Aberdeen 0 - Geneva 5
TOP OF THE 3RD
Aberdeen Ironbirds batting - Pitching for Geneva Red Legs : RHP Mark King
Batting: RHB Harry Francis 0-0: Called Strike
0-1: Ball
1-1: Ball
2-1: Fly out, F8 (Flyball, 89D, EV 105.0 MPH)
Batting: RHB Johnnie Walker 0-0: Called Strike
0-1: Ball
1-1: Ground out 1-3 (Groundball, 13S, EV 75.0 MPH)
Batting: RHB Francis Fitzgerald 0-0: Called Strike
0-1: Ball
1-1: Ball
2-1: Foul Ball, location: 2F
2-2: Ball
3-2: Fly out, F8 (Line Drive, 8LD, EV 93.1 MPH)
Top of the 3rd over - 0 runs, 0 hits, 0 errors, 0 left on base; Aberdeen 0 - Geneva 5
BOTTOM OF THE 3RD
Geneva Red Legs batting - Pitching for Aberdeen Ironbirds : RHP Jose Martinez
Batting: SHB Juan Castillo 0-0: Swinging Strike
0-1: Ball
1-1: Ball
2-1: Ball
3-1: Swinging Strike
3-2: Strikes out looking
Batting: RHB Victor Mendoza 0-0: Called Strike
0-1: Ball
1-1: Swinging Strike
1-2: Ball
2-2: SOLO HOME RUN (Flyball, 9D, EV 99.4 MPH), Distance : 358 ft
Batting: RHB Ricky Velasquez 0-0: Foul Ball, location: 2F
0-1: Fly out, F8 (Flyball, 8RD, EV 104.4 MPH)
Batting: LHB Juan Araujo 0-0: Foul Ball, location: 2F
0-1: Fly out, F3 (Line Drive, 3, EV 65.6 MPH)
Bottom of the 3rd over - 1 run, 1 hit, 0 errors, 0 left on base; Aberdeen 0 - Geneva 6
TOP OF THE 4TH
Aberdeen Ironbirds batting - Pitching for Geneva Red Legs : RHP Mark King
Batting: RHB Dan Cataline 0-0: Ball
1-0: Called Strike
1-1: Ground out 5-3 (Groundball, 5, EV 75.6 MPH)
Batting: RHB Arturo Leija 0-0: Ball
1-0: Ball
2-0: Ball
3-0: Base on Balls
Batting: SHB Nelson Simmons 0-0: Ball
1-0: Ball
2-0: Ball
3-0: Called Strike
3-1: Swinging Strike
3-2: Base on Balls
Arturo Leija to second
Batting: RHB Victor Trujillo 0-0: Ball
1-0: Ball
2-0: Called Strike
2-1: Called Strike
2-2: Foul Ball, location: 2F
2-2: Ground out U3 (Groundball, 34S, EV 65.6 MPH)
Arturo Leija to third
Nelson Simmons to second
Batting: SHB Kurt Stillwell 0-0: Ball
1-0: Ball
2-0: Ball
3-0: Called Strike
3-1: Base on Balls
Batting: RHB Carlitos Lacerda 0-0: SINGLE (Groundball, 4MD, EV 97.5 MPH)
Arturo Leija scores
Nelson Simmons to third
Kurt Stillwell to second
Runner from 3rd tries for Home, SAFE, throw by CF to home
Batting: RHB Harry Francis 0-0: Ball
1-0: Ball
2-0: Ball
3-0: Base on Balls
Kurt Stillwell to third
Carlitos Lacerda to second
Batting: RHB Johnnie Walker 0-0: Ball
1-0: Fielders Choice at 2nd, 6-4 (Groundball, 6, EV 96.3 MPH)
Top of the 4th over - 2 runs, 1 hit, 0 errors, 3 left on base; Aberdeen 2 - Geneva 6
BOTTOM OF THE 4TH
Geneva Red Legs batting - Pitching for Aberdeen Ironbirds : RHP Jose Martinez
Batting: RHB Danny Reyes 0-0: Fly out, F8 (Flyball, 8LD, EV 93.1 MPH)
Batting: RHB Bob Brower 0-0: Called Strike
0-1: Swinging Strike
0-2: Fly out, F9 (Flyball, 9D, EV 91.3 MPH)
Batting: LHB Orsino Hill 0-0: Ball
1-0: Fly out, F5 (Popup, 56, EV 61.9 MPH)
Bottom of the 4th over - 0 runs, 0 hits, 0 errors, 0 left on base; Aberdeen 2 - Geneva 6
TOP OF THE 5TH
Aberdeen Ironbirds batting - Pitching for Geneva Red Legs : RHP Mark King
Batting: RHB Francis Fitzgerald 0-0: Called Strike
0-1: Ball
1-1: TRIPLE (Line Drive, 89XD, EV 104.4 MPH)
Batting: RHB Dan Cataline 0-0: Ball
1-0: Fly out, F7 (Flyball, 7LM, EV 91.3 MPH)
Runner from 3rd tags up, SCORES, no throw by LF
Batting: RHB Arturo Leija 0-0: Ball
1-0: Ball
2-0: Ball
3-0: Called Strike
3-1: Base on Balls
Batting: SHB Nelson Simmons 0-0: Ball
1-0: Ball
2-0: Ball
3-0: Called Strike
3-1: Base on Balls
Arturo Leija to second
Batting: RHB Victor Trujillo 0-0: Fielders Choice at 2nd, 6-4 (Groundball, 56, EV 89.4 MPH)
Arturo Leija to third
Batting: SHB Kurt Stillwell 0-0: Foul Ball, location: 2F
0-1: Ball
1-1: Ball
2-1: Ball
3-1: Base on Balls
Victor Trujillo to second
Batting: RHB Carlitos Lacerda 0-0: Ball
1-0: Ball
2-0: Called Strike
2-1: Ball
3-1: Fly out, F8 (Flyball, 8RM, EV 89.4 MPH)
Top of the 5th over - 1 run, 1 hit, 0 errors, 3 left on base; Aberdeen 3 - Geneva 6
BOTTOM OF THE 5TH
Geneva Red Legs batting - Pitching for Aberdeen Ironbirds : RHP Jose Martinez
Batting: LHB Mike Kingery 0-0: DOUBLE (Flyball, 89XD, EV 101.9 MPH)
Pitching: RHP Steven Toporek
Batting: RHB Dave Keller 0-0: Called Strike
0-1: Ball
1-1: Ball
2-1: Called Strike
2-2: Foul Ball, location: 2F
2-2: Strikes out looking
Batting: SHB Juan Castillo 0-0: Ball
1-0: Called Strike
1-1: Ground out 4-3 (Groundball, 4, EV 100.6 MPH)
Mike Kingery to third
Batting: RHB Victor Mendoza 0-0: Called Strike
0-1: Foul Ball, location: 2F
0-2: Ball
1-2: Ball
2-2: Ball
3-2: Foul Ball, location: 2F
3-2: SINGLE (Groundball, 4MD, EV 105.0 MPH)
Mike Kingery scores
Batting: RHB Ricky Velasquez 0-0: Called Strike
0-1: Ball
1-1: Ball
2-1: Fly out, F4 (Line Drive, 4, EV 64.4 MPH)
Bottom of the 5th over - 1 run, 2 hits, 0 errors, 1 left on base; Aberdeen 3 - Geneva 7
TOP OF THE 6TH
Aberdeen Ironbirds batting - Pitching for Geneva Red Legs : RHP Mark King
Batting: RHB Harry Francis 0-0: Ball
1-0: Called Strike
1-1: Ground out 4-3 (Groundball, 4, EV 91.3 MPH)
Batting: RHB Johnnie Walker 0-0: Fly out, F8 (Line Drive, 8RD, EV 88.8 MPH)
Batting: RHB Francis Fitzgerald 0-0: Ball
1-0: Fly out, F9 (Flyball, 9S, EV 77.5 MPH)
Top of the 6th over - 0 runs, 0 hits, 0 errors, 0 left on base; Aberdeen 3 - Geneva 7
BOTTOM OF THE 6TH
Geneva Red Legs batting - Pitching for Aberdeen Ironbirds : RHP Steven Toporek
Batting: LHB Juan Araujo 0-0: Swinging Strike
0-1: Ball
1-1: Ball
2-1: Ground out 6-3 (Groundball, 6M, EV 96.9 MPH)
Batting: RHB Danny Reyes 0-0: Ball
1-0: Ball
2-0: Called Strike
2-1: Called Strike
2-2: Foul Ball, location: 2F
2-2: Strikes out swinging
Batting: RHB Bob Brower 0-0: Ball
1-0: Ball
2-0: Called Strike
2-1: Foul Ball, location: 2F
2-2: Ball
3-2: Single, Error in OF, E7, batter to second base (Line Drive, 56D, EV 105.6 MPH)
Batting: LHB Orsino Hill 0-0: Ball
1-0: Foul Ball, location: 2F
1-1: Called Strike
1-2: Foul Ball, location: 2F
1-2: Ball
2-2: Foul Ball, location: 2F
2-2: Hit by Pitch
Pitching: RHP Bill C Johnson
Batting: LHB Mike Kingery 0-0: Swinging Strike
0-1: Ball
1-1: Foul Ball, location: 2F
1-2: Ball
2-2: Foul Ball, location: 2F
2-2: Ball
3-2: Base on Balls
Bob Brower to third
Orsino Hill to second
Batting: RHB Dave Keller 0-0: Ball
1-0: Foul Ball, location: 2F
1-1: Foul Ball, location: 2F
1-2: Ball
2-2: GRAND SLAM HOME RUN (Flyball, 7LD, EV 104.4 MPH), Distance : 347 ft
Batting: SHB Juan Castillo 0-0: Called Strike
0-1: Ball
1-1: Ball
2-1: Fly out, F7 (Flyball, 7S, EV 90.6 MPH)
Bottom of the 6th over - 4 runs, 2 hits, 1 error, 0 left on base; Aberdeen 3 - Geneva 11
TOP OF THE 7TH
Aberdeen Ironbirds batting - Pitching for Geneva Red Legs : RHP Mark King
Batting: RHB Dan Cataline 0-0: Ball
1-0: Swinging Strike
1-1: Foul Ball, location: 2F
1-2: Ball
2-2: Foul Ball, location: 2F
2-2: Ball
3-2: Fly out, F7 (Flyball, 78S, EV 81.9 MPH)
Batting: RHB Arturo Leija 0-0: Ball
1-0: Foul Ball, location: 2F
1-1: Ball
2-1: Swinging Strike
2-2: Ball
3-2: Base on Balls
Pinch Hitting: RHB Graham Conklin 0-0: Called Strike
0-1: Foul Ball, location: 2F
0-2: Ball
1-2: Foul Ball, location: 2F
1-2: Ball
2-2: Ball
3-2: Strikes out swinging
Pitching: RHP Rich Yett
Batting: RHB Victor Trujillo 0-0: Ball
1-0: Ground out 3-1 (Groundball, 34, EV 85.6 MPH)
Top of the 7th over - 0 runs, 0 hits, 0 errors, 1 left on base; Aberdeen 3 - Geneva 11
BOTTOM OF THE 7TH
Geneva Red Legs batting - Pitching for Aberdeen Ironbirds : RHP Bill C Johnson
Now in LF: Dan Mann
Batting: RHB Victor Mendoza 0-0: Foul Ball, location: 2F
0-1: Ball
1-1: Foul Ball, location: 2F
1-2: Foul Ball, location: 2F
1-2: Ball
2-2: Ground out 5-3 (Groundball, 56S, EV 91.9 MPH)
Batting: RHB Ricky Velasquez 0-0: Foul Ball, location: 2F
0-1: Fly out, F8 (Flyball, 8RD, EV 97.5 MPH)
Batting: LHB Juan Araujo 0-0: Ground out U3 (Groundball, 34, EV 86.3 MPH)
Bottom of the 7th over - 0 runs, 0 hits, 0 errors, 0 left on base; Aberdeen 3 - Geneva 11
TOP OF THE 8TH
Aberdeen Ironbirds batting - Pitching for Geneva Red Legs : RHP Rich Yett
Pinch Hitting: RHB Jon Ramirez 0-0: Called Strike
0-1: Swinging Strike
0-2: Strikes out swinging
Batting: RHB Carlitos Lacerda 0-0: Swinging Strike
0-1: SINGLE (Groundball, 6MD, EV 98.8 MPH)
Batting: RHB Harry Francis 0-0: Ball
1-0: Ball
2-0: Ball
3-0: Base on Balls
Carlitos Lacerda to second
Batting: RHB Johnnie Walker 0-0: Ball
1-0: Swinging Strike
1-1: Ball
2-1: Called Strike
2-2: Strikes out looking
Batting: RHB Francis Fitzgerald 0-0: Called Strike
0-1: SINGLE (Line Drive, 7S, EV 101.9 MPH)
Carlitos Lacerda to third
Harry Francis to second
Runner from 3rd tries for Home, SAFE, throw by LF to home
Batting: RHB Dan Cataline 0-0: Ball
1-0: Fly out, F8 (Flyball, 78S, EV 82.5 MPH)
Top of the 8th over - 1 run, 2 hits, 0 errors, 2 left on base; Aberdeen 4 - Geneva 11
BOTTOM OF THE 8TH
Geneva Red Legs batting - Pitching for Aberdeen Ironbirds : RHP Bill C Johnson
Now at SS: Jon Ramirez
Pinch Hitting: RHB Michael Spinozzi 0-0: Called Strike
0-1: Ball
1-1: Ball
2-1: Called Strike
2-2: Ball
3-2: Strikes out swinging
Batting: RHB Bob Brower 0-0: Called Strike
0-1: Ball
1-1: Foul Ball, location: 2F
1-2: Foul Ball, location: 2F
1-2: Foul Ball, location: 2F
1-2: Ball
2-2: Foul Ball, location: 2F
2-2: Ball
3-2: Strikes out swinging
Batting: LHB Orsino Hill 0-0: Ball
1-0: Ball
2-0: Ball
3-0: Called Strike
3-1: Base on Balls
Batting: LHB Mike Kingery 0-0: Ball
1-0: Called Strike
1-1: Foul Ball, location: 2F
1-2: Ball
2-2: Fly out, F5 (Popup, 56, EV 72.5 MPH)
Bottom of the 8th over - 0 runs, 0 hits, 0 errors, 1 left on base; Aberdeen 4 - Geneva 11
TOP OF THE 9TH
Aberdeen Ironbirds batting - Pitching for Geneva Red Legs : RHP Rich Yett
Now at SS: Miguel Franjul
Batting: RHB Arturo Leija 0-0: Ball
1-0: Foul Ball, location: 2F
1-1: Ball
2-1: DOUBLE (Line Drive, 7LM, EV 107.5 MPH)
Batting: RHB Dan Mann 0-0: Swinging Strike
0-1: Ground out 4-3 (Groundball, 4, EV 101.9 MPH)
Arturo Leija to third
Batting: RHB Victor Trujillo 0-0: 2-RUN HOME RUN (Flyball, 7D, EV 105.0 MPH), Distance : 377 ft
Batting: RHB Jon Ramirez 0-0: Ball
1-0: Called Strike
1-1: Foul Ball, location: 2F
1-2: Ball
2-2: Ball
3-2: Fly out, F6 (Popup, 6M, EV 58.8 MPH)
Batting: RHB Carlitos Lacerda 0-0: Ball
1-0: Called Strike
1-1: Ball
2-1: Foul Ball, location: 2F
2-2: Foul Ball, location: 2F
2-2: Ball
3-2: Foul Ball, location: 2F
3-2: Base on Balls
Batting: RHB Harry Francis 0-0: Ball
1-0: Foul Ball, location: 2F
1-1: Swinging Strike
1-2: Foul Ball, location: 2F
1-2: Ball
2-2: Strikes out swinging
Top of the 9th over - 2 runs, 2 hits, 0 errors, 1 left on base; Aberdeen 6 - Geneva 11
Thursday, August 20th, 2020 - OOTP Baseball 21.5 Build 76